 Dungeon Crawl Stone Soup version 0.32-a0-672-gff75c0dad8 (webtiles) character file.

Game seed: 13938418992075250465

25 Descartes the Magician (level 2, -3/15 HPs)
             Began as a Deep Elf Wanderer on Mar 10, 2024.
             Slain by Terence
             ... wielding a +0 flail
              (4 damage)
             ... on level 2 of the Dungeon.
             The game lasted 00:02:42 (731 turns).

Descartes the Magician (Deep Elf Wanderer)           Turns: 731, Time: 00:02:43

Health: -3/15      AC:  5    Str:  9    XL:     2   Next: 86%
Magic:  4/9        EV: 21    Int: 18    God:
Gold:   38         SH:  0    Dex: 12    Spells: 8/10 levels left

rFire   . . .        j - +0 quarterstaff
rCold   . . .        (shield currently unavailable)
rNeg    . . .        c - +0 robe
rPois   .            (no helmet)
rElec   .            (no cloak)
rCorr   .            (no gloves)
SInv    .            o - +2 pair of boots
Will    .....        (no amulet)
Stlth   ++           f - +5 ring of evasion
HPRegen 0.22/turn    i - +5 ring of evasion
MPRegen 0.11/turn

%: no passive effects
@: very slightly contaminated
A: no striking features
a: no special abilities


You were on level 2 of the Dungeon.
You visited 1 branch of the dungeon, and saw 2 of its levels.

You collected 38 gold pieces.

Inventory:

Hand Weapons
 a - a +0 dagger
 j - a +0 quarterstaff (weapon)
Missiles
 k - 6 poisoned darts
Armour
 c - a +0 robe (worn)
 o - a +2 pair of boots (worn)
Jewellery
 f - a +5 ring of evasion (left hand)
 i - a +5 ring of evasion (right hand)
 l - a ring of magical power
Wands
 d - a wand of polymorph (3) (quivered)
Scrolls
 b - 2 scrolls of blinking
 g - a scroll of silence {unknown}
 h - a scroll of identify {unknown}
 m - a scroll of teleportation {unknown}
Potions
 e - a potion of degeneration {unknown}
 n - 2 potions of mutation {unknown}


   Skills:
 - Level 1.2 Stealth
 + Level 4.8 Spellcasting
 + Level 1.1 Fire Magic
 + Level 4.6 Alchemy
 + Level 2.6 Evocations


You had 8 spell levels left.
You knew the following spells:

 Your Spells              Type           Power      Damage    Failure   Level
a - Foxfire               Conj/Fire      24%        2x1d5     11%         1
b - Sting                 Conj/Alch      48%        1d6       5%          1

Your spell library contained the following spells:

 Spells                   Type           Power      Damage    Failure   Level
 Mercury Vapours          Alch/Air       24%        N/A       8%          2
 Olgreb's Toxic Radiance  Alch           21%        N/A       21%         4
 Inner Flame              Hex/Fire       6%         N/A       32%         3


Dungeon Overview and Level Annotations

Branches:
Dungeon (2/15)

Altars:

Annotations:
D:2 Terence


Message History

You conjure some foxfire!
The foxfire hits Terence but does no damage.
Terence is lightly wounded.
Terence hits you with a +0 flail!
You closely miss Terence.
Terence is lightly wounded.
The foxfire hits Terence but does no damage.
Terence is lightly wounded.
The foxfire hits Terence but does no damage.
Terence is lightly wounded.
The foxfire hits Terence but does no damage.
Terence is lightly wounded.
Terence completely misses you.
Casting: Foxfire (safe; 11% risk of failure)
Confirm with . or Enter, or press ? or * to list all spells.
You miscast Foxfire.
You are very lightly contaminated with residual magic.
Nothing appears to happen.
Terence completely misses you.
Unknown command.
Casting: Foxfire (safe; 11% risk of failure)
Confirm with . or Enter, or press ? or * to list all spells.
You conjure some foxfire!
The ribbon worm completely misses you. Terence closely misses you.
Unknown command.
You barely miss Terence.
Terence is lightly wounded.
The foxfire hits Terence.
Terence is lightly wounded.
The foxfire hits Terence.
Terence is moderately wounded.
The ribbon worm completely misses you. Terence hits you with a +0 flail.
Terence hits you with a +0 flail.
* * * LOW HITPOINT WARNING * * *
The rat bites you but does no damage.
The ribbon worm expels a string of sticky webbing.
The stream of webbing misses you.
Unknown command.
The rat closely misses you. Terence hits you with a +0 flail.
You die...
Terence says, "That felt goooood."

..........#
..........# #..
..........## #.#..
........... ..#.
..........## ...
.....!.....###.##
......w@........###
#...r@#####.....##
#####....#..<....#
................###
#############....#
######


You could see Terence, a ribbon worm (catching breath) and a rat.

Vanquished Creatures
  A dart slug (D:1)
  2 bats (D:1)
  An endoplasm (D:1)
  A giant cockroach (D:1)
  4 goblins (D:1)
  3 hobgoblins (D:1)
  5 ball pythons (D:1)
  A frilled lizard (D:1)
  3 kobolds (D:1)
  A rat (D:1)
22 creatures vanquished.

Vanquished Creatures (others)
  69 foxfires
69 creatures vanquished.

Grand Total: 91 creatures vanquished

Notes
Turn   | Place    | Note
-------+----------+-------------------------------------------
     0 | D:1      | Descartes the Deep Elf Wanderer began the quest for the
                  | Orb.
     0 | D:1      | Descartes set off with the following items: a +0 dagger, a
                  | scroll of blinking, a +0 robe, a wand of polymorph (3); and
                  | the following spells available to memorise: Sting, Mercury
                  | Vapours, Foxfire, Olgreb's Toxic Radiance, Inner Flame.
     0 | D:1      | Reached XP level 1. HP: 10/10 MP: 7/7
     2 | D:1      | Learned a level 1 spell: Foxfire
     4 | D:1      | Learned a level 1 spell: Sting
   202 | D:1      | Reached XP level 2. HP: 15/15 MP: 5/9
   391 | D:1      | Reached skill level 1 in Fire Magic
   721 | D:2      | Noticed Terence
   731 | D:2      | Slain by Terence

Illustrated notes

Levels and vault maps discovered:
D:1:      lightli_arrival_statue_moat, layout_rooms, reono_crystal_passage,
          minmay_misc_feat_columns
D:2:      layout_rooms, serial_shops, shop, uniq_terence

Skill      XL: |  1  2 |
---------------+-------+-----
Fire Magic     | 1 |  1.1
Stealth        | |  1.2
Spellcasting   | |  4.8
Alchemy        | |  4.6
Evocations     | |  2.6

Action                     || total
---------------------------++-------
  Melee: Quarterstaff      ||     2
   Cast: Foxfire           ||    38
 Armour: Robe              ||     8
  Dodge: Dodged            ||    10

Table legend: (Time is in decaauts)
 A = Elapsed time spent in this place.
 B = Non-inter-level travel time spent in this place.
 C = Inter-level travel time spent in this place.
 D = Time resting spent in this place.
 E = Time spent auto-exploring this place.
 F = Levels seen in this place.
 G = Mean time per level.
                   A        B        C        D        E       F      G
               +--------+--------+--------+--------+--------+-----+--------+
         Total |    729 |    695 |     34 |      0 |    560 |   2 |  364.5 |
       Dungeon |    729 |    695 |     34 |      0 |    560 |   2 |  364.5 |
               +--------+--------+--------+--------+--------+-----+--------+

Top non-repeatable levels by time:
     D:1: 712 daAuts
     D:2: 17 daAuts
